wizbiz, neutral female human Wizard $ ------ $ |.@..| |._u)+ |.)f.| --.-@- $ #1f# # # ## $ $ $ --.--.-- $ |.*..... --+------ |>.....| |.......| |......-# # ######*######........+ $$ --------#### # |<......| $$ # # |.......| ### # --------- $ $ # # $ ################## $ $ $ wizbiz the Thaumaturge Experience level: 7 Strength: 9 Dexterity: 13 Constitution: 18 Intelligence: 18 Wisdom: 14 Charisma: 10 Health: 0(63) Energy: 51(78) Def: 1 Gold: 0 Moves: 5915 Dungeon seed: HQT7O6HDRbnLj4sQ Game ID: wizbiz_1525729092 Your Inventory: Weapons F - a blessed +1 quarterstaff (weapon in hands) Armor e - an uncursed +0 cloak of magic resistance (being worn) Comestibles f - 2 uncursed pears h - an uncursed cream pie i - 2 uncursed bananas j - an uncursed slime mold M - 3 uncursed food rations P - an uncursed pancake X - an uncursed carrot Rings c - an uncursed ring of warning (on left hand) d - an uncursed +2 ring of gain constitution (on right hand) Wands u - a wand of fire (0:7) v - a wand of sleep (0:6) y - a wand of striking (0:2) R - a wand of undead turning (0:8) Tools a - an uncursed sack b - an uncursed sack o - an uncursed lock pick Gems W - an uncursed touchstone Contents of the sack: 968 gold pieces an uncursed scroll of amnesia an uncursed scroll of confuse monster an uncursed scroll of remove curse a blessed spellbook of force bolt an uncursed spellbook of protection an uncursed potion of extra healing an uncursed potion of fruit juice 2 uncursed potions of full healing an uncursed potion of healing a blessed potion of monster detection an uncursed potion of monster detection an uncursed potion of object detection an uncursed potion of polymorph an uncursed potion of see invisible 2 uncursed potions of speed 2 uncursed potions of water a cursed ring of aggravate monster an uncursed ring of stealth an uncursed ring of sustain ability 2 uncursed tallow candles (0:200) Spells and supernatural/magical abilities: Name Level Category Fail Memory a - force bolt 1 attack 0% 71% e - charm monster 3 enchantment 0% 78% f - fireball 4 attack 0% 85% p - protection 1 clerical 0% 91% x - extra healing 3 healing 77% 71% B - cure blindness 2 healing 43% 100% C - cancellation 7 matter 100% 98% O - create monster 2 clerical 43% 75% W - pray for help -- divine ? -- Your skills at the end: Fighting Skills Weapon Skills quarterstaff [Skilled] Spellcasting Skills attack spells [Skilled] enchantment spells [Basic] Final Attributes: You were devoutly aligned. You were cold resistant. You were magic-protected. You were warned. You were unlucky. You are dead. Vanquished creatures: 2 giant mimics a tiger a wraith 2 soldiers a chameleon 2 giant spiders a dwarf mummy 2 yetis a lizard a human zombie a rope golem an imp a water nymph a mountain nymph an orc shaman a rock mole a yellow light 2 shriekers 2 kobold mummies a guardian naga hatchling a ghoul 2 giant ants a kitten 2 dwarves 4 rothes 4 giant bats 2 wererats an iguana 2 acid blobs a coyote 4 hobbits a giant rat 2 yellow molds a red mold 4 garter snakes 2 geckos 3 jackals a fox a kobold 3 goblins 3 sewer rats 9 grid bugs 6 lichens 4 kobold zombies 11 newts 101 creatures vanquished. Voluntary challenges: You used a wielded weapon 103 times, starting on turn 55. You read items or engraved 99 times, starting on turn 813. You never genocided any monsters. You never polymorphed an object. You never changed form. You used no wishes. You never split a pudding. You never wrote Elbereth's name. You violated your moral code, losing 24 points of alignment, starting on turn 5908. Dungeon overview: The Dungeons of Doom: levels 1 to 11 Level 1 a fountain a long staircase Level 2 a general store, a fountain Level 3 a delicatessen Level 4 stairs to The Gnomish Mines Level 5 a general store, a sink Level 6 a scroll shop Level 7 a fountain Level 8 Level 9 many fountains Level 10 <- You were here a temple to Thoth Level 11 The Gnomish Mines: Level 5 stairs to The Dungeons of Doom History has recorded: On T:1 you entered the Dungeons of Doom to retrieve the Amulet of Yendor! On T:378 you reached level 2 of The Dungeons of Doom. On T:399 you advanced to experience level 2. On T:443 you reached level 3 of The Dungeons of Doom. On T:1198 you reached level 4 of The Dungeons of Doom. On T:1382 you advanced to experience level 3. On T:1603 you advanced to experience level 4. On T:2146 you reached level 5 of The Dungeons of Doom. On T:2376 you reached level 1 of The Gnomish Mines. On T:2610 you reached level 6 of The Dungeons of Doom. On T:3178 you reached level 7 of The Dungeons of Doom. On T:3383 you advanced to experience level 5. On T:3548 you advanced to experience level 6. On T:3974 you reached level 8 of The Dungeons of Doom. On T:4569 you reached level 9 of The Dungeons of Doom. On T:5305 you reached level 10 of The Dungeons of Doom. On T:5741 you reached level 11 of The Dungeons of Doom. On T:5865 you advanced to experience level 7. Score breakdown: Gold: 968 (10158 points) Experience: 7 levels (13645 points) Exploration: 11 levels ( 22.92%) (13837 points) Discoveries: 24 items ( 8.30%) ( 8645 points) Valuables value: (no points given unless you survive) Artifact value: 0 ( 0 points) Variety of kills: 45 monsters ( 11.81%) (10310 points) Turncount: 5915 turns (-1602 points) Survival: died (score multiplied by 80%) Total score: 43994 Latest messages: The tiger hits! (2x) The tiger bites! The spell hits the tiger! The tiger hits! (2x) The tiger bites! The spell hits the tiger! You kill the tiger! The spell hits the tiger! You hear a slurping sound. The tiger hits! (2x) The tiger bites! The spell misses the tiger. The tiger hits! (2x) You die... The sack is empty. Final status: Goodbye wizbiz the Wizard, killed by a tiger... You died in The Dungeons of Doom on dungeon level 10 with 43994 points, and 968 pieces of gold, after 5915 moves. You were level 7 with a maximum of 63 hit points when you died.